 Dungeon Crawl Stone Soup version 0.31.0-11-ge490571c62 (console) character file.

Game seed: 9691049648851761721

9 AlterAsc the Shield-Bearer (level 2, 24/24 HPs)
             Began as a Formicid Fighter on Feb 10, 2024.
             Quit the game on level 1 of the Dungeon.
             The game lasted 00:00:47 (271 turns).

AlterAsc the Shield-Bearer (Formicid Fighter)        Turns: 271, Time: 00:00:48

Health: 24/24      AC:  6    Str: 20    XL:     2   Next: 20%
Magic:  2/2        EV:  9    Int:  7    God:
Gold:   0          SH:  5    Dex: 13    Spells: 1/1 levels left

rFire   . . .        a - +0 war axe
rCold   . . .        c - +0 buckler
rNeg    . . .        b - +0 scale mail
rPois   .            (helmet unavailable)
rElec   .            (no cloak)
rCorr   .            (no gloves)
SInv    +            (no boots)
Will    .....        (no amulet) Stlth
                     (no ring)
HPRegen 0.24/turn    (no ring)
MPRegen 0.08/turn

%: no passive effects
@: no status effects
A: permanent stasis, dig shafts and tunnels, antennae 3, four strong arms
a: Dig, Shaft Self


You were on level 1 of the Dungeon.
You visited 1 branch of the dungeon, and saw 1 of its levels.

Inventory:

Hand Weapons
 a - a +0 war axe (weapon)
Armour
 b - a +0 scale mail (worn)
 c - a +0 buckler (worn)
Scrolls
 e - 3 scrolls of fear {unknown}
 g - a scroll of enchant armour {unknown}
 h - a scroll of vulnerability {unknown}
Potions
 d - a potion of might
 f - a potion of lignification {unknown}


   Skills:
 - Level 3.2 Fighting
 + Level 2.8 Axes
 - Level 3.2 Armour
 - Level 4.0 Shields


You had one spell level left.
You didn't know any spells.
Your spell library was empty.

Dungeon Overview and Level Annotations

Branches:
Dungeon (1/15)

Altars:


Innate Abilities, Weirdness & Mutations

You cannot be hasted, slowed, berserked, paralysed or teleported.
You can dig through walls and to a lower floor.
You have a pair of large antennae on your head. (SInv)
Your four strong arms can wield two-handed weapons with a shield.


Message History

There is an open door here.
g - a scroll labelled POSUAHU SUWKIF OPN You sense a monster nearby.
No target in view!
A bat and a hobgoblin come into view.
The hobgoblin shouts!
The bat hits you but does no damage.
You closely miss the bat. The bat closely misses you.
The bat hits you but does no damage. x2; The hobgoblin hits you.
You barely miss the hobgoblin. The bat hits you. The hobgoblin hits you.
You hit the hobgoblin.
You kill the hobgoblin!
You have reached level 2!
A bat is nearby!
The bat hits you but does no damage. x2
You closely miss the bat. The bat hits you but does no damage.
The bat closely misses you. The bat hits you but does no damage.
You hit the bat.
The bat is moderately wounded.
The bat hits you. The bat hits you but does no damage.
You miss the bat.
The bat is moderately wounded.
The bat closely misses you. The bat hits you but does no damage.
You barely miss the bat.
The bat is moderately wounded.
The bat hits you but does no damage. The bat closely misses you.
The bat hits you.
You hit the bat.
You kill the bat!
HP restored.
A bat comes into view.
The bat hits you but does no damage. The bat closely misses you.
You miss the bat. The bat barely misses you. The bat closely misses you.
The bat hits you but does no damage.
You slash the bat!
You kill the bat!
No target in view!
h - a scroll labelled XUAFEOD TEPT No target in view!
You sense a monster nearby.
No target in view!
Are you sure you want to abandon this character and quit the game? (Confirm with "yes".)

#.# #.# #.#
#.# #.# #.#
### #.# { #..
#.# #.# #.#
#.#
#.#########.#
#..........@#
###########.#
###


There were no monsters in sight!

Vanquished Creatures
  A goblin (D:1)
  2 hobgoblins (D:1)
  3 bats (D:1)
  A frilled lizard (D:1)
  A rat (D:1)
8 creatures vanquished.

Notes
Turn   | Place    | Note
-------+----------+-------------------------------------------
     0 | D:1      | AlterAsc the Formicid Fighter began the quest for the Orb.
     0 | D:1      | Reached XP level 1. HP: 18/18 MP: 1/1
   134 | D:1      | Reached XP level 2. HP: 14/24 MP: 2/2
   271 | D:1      | Quit the game

Illustrated notes

Levels and vault maps discovered:
D:1:      dpeg_arrival_round_c, layout_basic

Action                     || total
---------------------------++-------
  Melee: War axe           ||    27
 Armour: Scale mail        ||    28
  Dodge: Dodged            ||    11
  Block: Buckler           ||     3
